Moose vs Little Stars
Created - April 8, 2021 at 19:24
Goals
|
| Moose |
0 |
1 |
1 |
2 |
| Little Stars |
1 |
2 |
3 |
6 |
|
Shots
|
| Moose |
13 |
8 |
11 |
32 |
| Little Stars |
13 |
15 |
16 |
44 |
|
1st period
1. Little Stars , Adam Tambellini 19 (Daniel O'regan 29, Reece Willcox 18) at 14:38
Penalties :
Ludwig Bystrom (Man) for High sticking (Minor) at 3:44, Reece Willcox (Tex) for Interference (Minor) at 6:07
2nd period
2. Little Stars , Jesse Joensuu 46 (Tyler Wotherspoon 39, Dana Tyrell 57) at 3:32
3. Moose , Brendan Perlini 14 (Iiro Pakarinen 43, Alexandre Carrier 14) at 6:23
4. Little Stars , Dana Tyrell 27 (Jesse Joensuu 66) at 6:31
Penalties :
Troy Stetcher (Man) for Hooking (Minor) at 12:34
3rd period
5. Little Stars , Scott Kosmachuck 44 (Patrick Wiercioch 33, Jesse Joensuu 67) at 0:16
6. Moose , Nicolas Petan 4 (Brendan Perlini 14) at 2:16
7. Little Stars , Scott Kosmachuck 45 (Anton Cederholm 22) at 18:50
8. Little Stars , Reece Willcox 3 (Scott Kosmachuck 60, Dana Tyrell 58) at 19:27
Penalties :
No Penalty
Goalie Stats
Joey Daccord (Man), 38 saves from 44 shots - (0.864), L, 1-3-0, 60:00 minutes
Connor Knapp (Tex), 30 saves from 32 shots - (0.938), W, 15-13-4, 60:00 minutes
Players Stats for Moose
Player Name G A P +/- PIM S H SB GA TA FO MP PP MP PK MP
------------------------------------------------------------------------------------
Alexandre Carrier 0 1 1 0 0 3 0 1 0 2 0/0 16:24 0:41 0:49
Brendan Perlini 1 1 2 0 0 2 2 0 0 0 0/0 13:30 0:00 0:00
Cedric Paquette 0 0 0 0 0 1 1 1 0 0 4/10 14:58 0:00 2:22
Colin White 0 0 0 0 0 1 0 0 0 0 5/8 9:47 0:00 0:57
Dominik Kahun 0 0 0 -4 0 0 1 0 1 1 13/22 20:21 1:05 0:09
Iiro Pakarinen 0 1 1 0 0 1 4 0 1 0 0/0 15:13 0:54 0:00
John Marino 0 0 0 0 0 2 0 0 0 0 0/0 14:55 0:00 0:00
Jordan Martinook 0 0 0 0 0 3 2 0 0 1 0/1 14:08 0:00 1:27
Josh Bailey 0 0 0 0 0 2 2 0 0 0 0/0 15:50 1:05 2:16
Ludwig Bystrom 0 0 0 -2 2 2 0 0 2 1 0/0 21:04 1:18 1:21
Mirco Mueller 0 0 0 -2 0 0 0 1 0 0 0/0 23:29 0:00 2:31
Nathan Walker 0 0 0 0 0 1 1 0 0 0 0/0 9:16 0:54 0:00
Nicolas Petan 1 0 1 0 0 3 1 0 0 0 7/14 14:24 0:54 0:00
Nikolaj Ehlers 0 0 0 -4 0 1 0 0 0 1 0/2 20:12 1:05 0:00
Nikolay Goldobin 0 0 0 0 0 4 1 0 0 0 0/0 9:30 0:00 0:45
Troy Stetcher 0 0 0 -2 2 3 3 1 0 1 0/0 22:54 1:18 1:10
Vince Hinostroza 0 0 0 -4 0 1 5 2 0 0 0/3 19:30 0:00 0:00
Vladislav Gavrikov 0 0 0 -2 0 2 1 1 1 1 0/0 20:35 0:41 2:05
Players Stats for Little Stars
Player Name G A P +/- PIM S H SB GA TA FO MP PP MP PK MP
------------------------------------------------------------------------------------
Adam Tambellini 1 0 1 1 0 7 0 0 1 0 1/2 16:37 1:56 0:00
Anton Cederholm 0 1 1 -2 0 0 0 2 0 0 0/0 19:34 1:20 0:53
Dana Tyrell 1 2 3 3 0 4 2 2 1 1 17/30 21:52 1:56 1:00
Daniel O'regan 0 1 1 1 0 2 1 0 0 0 7/12 17:15 1:56 0:38
Eric Knodel 0 0 0 -2 0 1 1 0 0 0 0/0 19:51 1:20 0:53
Ilya Mikheyev 0 0 0 1 0 4 2 0 0 0 1/1 16:37 1:56 0:00
Jason Dickinson 0 0 0 0 0 3 1 0 0 0 2/5 8:33 0:00 0:00
Jesse Joensuu 1 2 3 3 0 2 3 1 0 0 1/2 21:52 1:56 1:00
Joakim Nygard 0 0 0 0 0 1 1 0 0 0 0/0 12:23 0:09 0:21
Michael Mersch 0 0 0 0 0 2 1 0 1 0 0/0 8:39 0:06 0:00
Patrick Wiercioch 0 1 1 3 0 3 0 1 1 1 0/0 26:00 2:38 1:06
Reece Willcox 1 1 2 3 2 4 0 1 0 1 0/0 14:25 0:00 0:00
Roman Horak 0 0 0 0 0 0 2 0 0 1 2/4 12:14 0:00 0:21
Scott Kosmachuck 2 1 3 3 0 4 3 1 1 0 0/1 21:33 1:59 0:38
Sebastian Wannstrom 0 0 0 0 0 3 1 0 1 0 0/3 11:53 0:00 0:00
Tucker Poolman 0 0 0 3 0 1 1 0 0 0 0/0 14:09 0:00 0:00
Tyler Wotherspoon 0 1 1 3 0 2 0 0 1 1 0/0 26:00 2:38 1:06
Zach Budish 0 0 0 0 0 1 1 0 1 0 0/0 8:33 0:00 0:00
3 Stars
1 - Scott Kosmachuck (Tex)
2 - Jesse Joensuu (Tex)
3 - Dana Tyrell (Tex)
Power Play
Moose - 0 on 1 Attempt(s) - 0.00%
Little Stars - 0 on 2 Attempt(s) - 0.00%
Penalty Kill
Moose - 2 on 2 Attempt(s) - 100.00%
- Score 0 goal in Penalty Kill
Little Stars - 1 on 1 Attempt(s) - 100.00%
- Score 0 goal in Penalty Kill
Team Stat
Moose - Hits : 24 - Faceoff Wins : 29 - Blocked Shots : 7 - Penalty Minutes : 4
Little Stars - Hits : 20 - Faceoff Wins : 31 - Blocked Shots : 8 - Penalty Minutes : 2
Official
Referees : Unknown
Linesman : Unknown
Game Notes
13:11 of 2nd period - Little Stars goal is going for a video replay. After video review, No Goal. The referee deems the play has been stopped, even if he had not physically had the opportunity to stop play by blowing his whistle.
0:16 of 3rd period - Little Stars goal is going for a video replay. After video review, Goal.
Finance
Level 1 -- Attendance: 1247 (62.35%) -- Ticket Income $49,880
Level 2 -- Attendance: 621 (62.10%) -- Ticket Income $12,420
Total Attendance: 1868 (62.27%)
Total Ticket Income: $62,300
Other Income: $3,115
Total Income: $65,415
Moose
5 vs 5 Forward
Center Left Wing Right Wing Time % Phy DF OF
1 Dominik Kahun Nikolaj Ehlers Vince Hinostroza 40 1 2 2
2 Nicolas Petan Brendan Perlini Iiro Pakarinen 30 1 2 2
3 Cedric Paquette Jordan Martinook Josh Bailey 20 1 2 2
4 Colin White Nathan Walker Nikolay Goldobin 10 1 2 2
5 vs 5 Defense
Defense Defense Time % Phy DF OF
1 Mirco Mueller Troy Stetcher 40 1 3 1
2 Vladislav Gavrikov Ludwig Bystrom 35 1 3 1
3 Alexandre Carrier John Marino 25 1 2 2
4 Troy Stetcher Mirco Mueller 0 1 2 2
PowerPlay Forward
Center Left Wing Right Wing Time % Phy DF OF
1 Dominik Kahun Nikolaj Ehlers Josh Bailey 60 0 1 4
2 Nicolas Petan Nathan Walker Iiro Pakarinen 40 0 1 4
PowerPlay Defense
Defense Defense Time % Phy DF OF
1 Ludwig Bystrom Troy Stetcher 60 0 1 4
2 Vladislav Gavrikov Alexandre Carrier 40 0 1 4
Penalty Kill 4 Players Forward
Center Wing Time % Phy DF OF
1 Cedric Paquette Josh Bailey 60 1 3 1
2 Jordan Martinook Colin White 40 1 3 1
Penalty Kill 4 Players Defense
Defense Defense Time % Phy DF OF
1 Mirco Mueller Ludwig Bystrom 60 1 4 0
2 Vladislav Gavrikov Troy Stetcher 40 1 4 0
Penalty Kill - 3 Players Forward
Forward Time % Phy DF OF
1 Jordan Martinook 60 0 4 1
2 Josh Bailey 40 0 4 1
Penalty Kill - 3 Players Defense
Defense Defense Time % Phy DF OF
1 Mirco Mueller Vladislav Gavrikov 60 1 3 1
2 Troy Stetcher Ludwig Bystrom 40 1 3 1
4 vs 4 Forward
Center Wing Time % Phy DF OF
1 Dominik Kahun Nikolaj Ehlers 60 1 2 2
2 Cedric Paquette Nathan Walker 40 1 2 2
4 vs 4 Defense
Defense Defense Time % Phy DF OF
1 Troy Stetcher Mirco Mueller 60 1 2 2
2 Ludwig Bystrom Vladislav Gavrikov 40 1 2 2
Last Minutes Offensive
Center Left Wing Right Wing Defense Defense
Dominik Kahun Nikolaj Ehlers Iiro Pakarinen Ludwig Bystrom Troy Stetcher
Last Minutes Defensive
Center Left Wing Right Wing Defense Defense
Cedric Paquette Jordan Martinook Josh Bailey Mirco Mueller Troy Stetcher
Goaltenders
Starting : Joey Daccord
Backup : Magnus Hellberg
Extra Forwards
Normal : Nikolaj Ehlers, Iiro Pakarinen, Vince Hinostroza - PP : Nathan Walker, Brendan Perlini - PK : Nikolay Goldobin
Extra Defensemen
Normal : Alexandre Carrier, Vladislav Gavrikov, Ludwig Bystrom - PP : Alexandre Carrier - PK : Ludwig Bystrom, Mirco Mueller
Penalty Shots
Nikolay Goldobin, Nathan Walker, Iiro Pakarinen, Brendan Perlini, Cedric Paquette
Scratches
Nicklas Jensen (Healthy), Jeremy Bracco (Healthy), Mitchell Stephens (Healthy), Sami Niku (Healthy), Matthew Benning (Healthy)
David Kase (Healthy), Jansen Harkins (Healthy), Dwight King (Healthy), John Hayden (Healthy), Mackenzie MacEachern (Healthy)
Jesse Graham (Healthy), Jayce Hawryluk (Healthy), Oskar Lindblom (Healthy), Ryan Collins (Healthy), William Lagesson (Healthy)
Philippe Desrosiers (Healthy)
Little Stars
5 vs 5 Forward
Center Left Wing Right Wing Time % Phy DF OF
1 Dana Tyrell Jesse Joensuu Scott Kosmachuck 40 1 2 2
2 Daniel O'regan Adam Tambellini Ilya Mikheyev 30 1 2 2
3 Roman Horak Joakim Nygard Sebastian Wannstrom 20 1 2 2
4 Jason Dickinson Michael Mersch Zach Budish 10 1 2 2
5 vs 5 Defense
Defense Defense Time % Phy DF OF
1 Tyler Wotherspoon Patrick Wiercioch 40 1 2 2
2 Anton Cederholm Eric Knodel 30 1 2 2
3 Tucker Poolman Reece Willcox 20 1 2 2
4 Tyler Wotherspoon Patrick Wiercioch 10 1 2 2
PowerPlay Forward
Center Left Wing Right Wing Time % Phy DF OF
1 Dana Tyrell Jesse Joensuu Scott Kosmachuck 60 0 2 3
2 Daniel O'regan Adam Tambellini Ilya Mikheyev 40 0 2 3
PowerPlay Defense
Defense Defense Time % Phy DF OF
1 Tyler Wotherspoon Patrick Wiercioch 60 0 2 3
2 Anton Cederholm Eric Knodel 40 0 2 3
Penalty Kill 4 Players Forward
Center Wing Time % Phy DF OF
1 Dana Tyrell Jesse Joensuu 60 0 3 2
2 Daniel O'regan Scott Kosmachuck 40 0 3 2
Penalty Kill 4 Players Defense
Defense Defense Time % Phy DF OF
1 Tyler Wotherspoon Patrick Wiercioch 60 0 3 2
2 Anton Cederholm Eric Knodel 40 0 3 2
Penalty Kill - 3 Players Forward
Forward Time % Phy DF OF
1 Dana Tyrell 60 0 3 2
2 Jesse Joensuu 40 0 3 2
Penalty Kill - 3 Players Defense
Defense Defense Time % Phy DF OF
1 Tyler Wotherspoon Patrick Wiercioch 60 0 3 2
2 Anton Cederholm Eric Knodel 40 0 3 2
4 vs 4 Forward
Center Wing Time % Phy DF OF
1 Dana Tyrell Jesse Joensuu 60 0 2 3
2 Daniel O'regan Scott Kosmachuck 40 0 2 3
4 vs 4 Defense
Defense Defense Time % Phy DF OF
1 Tyler Wotherspoon Patrick Wiercioch 60 0 2 3
2 Anton Cederholm Eric Knodel 40 0 2 3
Last Minutes Offensive
Center Left Wing Right Wing Defense Defense
Dana Tyrell Jesse Joensuu Scott Kosmachuck Tyler Wotherspoon Patrick Wiercioch
Last Minutes Defensive
Center Left Wing Right Wing Defense Defense
Dana Tyrell Jesse Joensuu Scott Kosmachuck Tyler Wotherspoon Patrick Wiercioch
Goaltenders
Starting : Connor Knapp
Backup : Dustin Tokarski
Extra Forwards
Normal : Jesse Joensuu, Adam Tambellini, Daniel O'regan - PP : Joakim Nygard, Michael Mersch - PK : Daniel O'regan
Extra Defensemen
Normal : Tucker Poolman, Anton Cederholm, Eric Knodel - PP : Tucker Poolman - PK : Anton Cederholm, Eric Knodel
Penalty Shots
Dana Tyrell, Daniel O'regan, Jesse Joensuu, Scott Kosmachuck, Adam Tambellini
Scratches
Evgeny Kuznetsov (Abdomen/Ribs Injury), Lawrence Pilut (Healthy), Justin Auger (Healthy), Rudolfs Balcers (Healthy), Yakov Trenin (Healthy)
Jean-Christophe Beaudin (Healthy), Ville Pokka (Healthy), Daniil Tarasov (Healthy), Emile Poirier (Healthy), Shane Gersich (Healthy)
Radel Fazleev (Healthy), Julien Nantel (Healthy), Peter Delmas (Healthy)
% Time on Ice - Moose
Lines # - Real PCT - Wanted PCT - Time Play
Normal Forward
1 - 35% - 40% - 19:07
2 - 25% - 30% - 13:35
3 - 23% - 20% - 12:36
4 - 16% - 10% - 8:45
Normal Defense
1 - 39% - 40% - 21:19
2 - 34% - 35% - 18:26
3 - 26% - 25% - 14:18
4 - 0% - 0% - 0:00
PP Forward
1 - 55% - 60% - 1:05
2 - 45% - 40% - 0:54
PP Defense
1 - 66% - 60% - 1:18
2 - 34% - 40% - 0:41
PK Forward
1 - 76% - 60% - 3:01
2 - 24% - 40% - 0:57
PK Defense
1 - 64% - 60% - 2:33
2 - 36% - 40% - 1:25
PK3 Forward
1 - 0% - 60%
2 - 0% - 40%
PK3 Defense
1 - 0% - 60%
2 - 0% - 40%
44 Forward
1 - 0% - 60%
2 - 0% - 40%
44 Defense
1 - 0% - 60%
2 - 0% - 40%
Last Minute Offensive - 0:00
Last Minute Defensive - 0:00
Total
Forward - 60:00
Defense - 60:00
|
% Time on Ice - Little Stars
Lines # - Real PCT - Wanted PCT - Time Play
Normal Forward
1 - 35% - 40% - 18:56
2 - 27% - 30% - 14:41
3 - 22% - 20% - 11:53
4 - 16% - 10% - 8:33
Normal Defense
1 - 38% - 40% - 20:19
2 - 32% - 30% - 17:21
3 - 26% - 20% - 14:09
4 - 4% - 10% - 2:14
PP Forward
1 - 51% - 60% - 2:02
2 - 49% - 40% - 1:56
PP Defense
1 - 66% - 60% - 2:38
2 - 34% - 40% - 1:20
PK Forward
1 - 68% - 60% - 1:21
2 - 32% - 40% - 0:38
PK Defense
1 - 55% - 60% - 1:06
2 - 45% - 40% - 0:53
PK3 Forward
1 - 0% - 60%
2 - 0% - 40%
PK3 Defense
1 - 0% - 60%
2 - 0% - 40%
44 Forward
1 - 0% - 60%
2 - 0% - 40%
44 Defense
1 - 0% - 60%
2 - 0% - 40%
Last Minute Offensive - 0:00
Last Minute Defensive - 0:00
Total
Forward - 60:00
Defense - 60:00
|
Play-by-Play
1st period
0:01 of 1st period - Dominik Kahun wins face-off versus Dana Tyrell in neutral zone.
0:12 of 1st period - Snap shot by Dominik Kahun.
0:12 of 1st period - Shot Blocked by Dana Tyrell.
0:14 of 1st period - Snap shot by Nikolaj Ehlers.
0:14 of 1st period - Shot Misses the Net.
0:26 of 1st period - Wrist shot by Iiro Pakarinen.
0:26 of 1st period - Shot Misses the Net.
0:37 of 1st period - Off-side.
0:38 of 1st period - Roman Horak wins face-off versus Cedric Paquette in neutral zone.
0:47 of 1st period - Josh Bailey is hit by Sebastian Wannstrom and loses puck.
0:54 of 1st period - Slapshot by Alexandre Carrier.
0:54 of 1st period - Deflect By Sebastian Wannstrom.
0:54 of 1st period - Stopped by Connor Knapp without a rebound.
0:55 of 1st period - Colin White wins face-off versus Jason Dickinson in Little Stars zone.
1:06 of 1st period - Snap shot by Zach Budish.
1:06 of 1st period - Stopped by Joey Daccord without a rebound.
1:07 of 1st period - Dana Tyrell wins face-off versus Dominik Kahun in Moose zone.
1:40 of 1st period - Wrist shot by Adam Tambellini.
1:40 of 1st period - Shot Misses the Net.
2:19 of 1st period - Wrist shot by Jason Dickinson.
2:19 of 1st period - Deflect By Michael Mersch.
2:19 of 1st period - Stopped by Joey Daccord with a rebound.
2:35 of 1st period - Alexandre Carrier is hit by Scott Kosmachuck and loses puck.
3:03 of 1st period - John Marino is hit by Ilya Mikheyev and loses puck.
3:24 of 1st period - Slapshot by Jordan Martinook.
3:24 of 1st period - Stopped by Connor Knapp with a rebound.
3:32 of 1st period - Wrist shot by Adam Tambellini.
3:32 of 1st period - Shot Misses the Net.
3:34 of 1st period - Slapshot by Tucker Poolman.
3:34 of 1st period - Stopped by Joey Daccord without a rebound.
3:35 of 1st period - Colin White wins face-off versus Dana Tyrell in Moose zone.
3:35 of 1st period - Colin White is hit by Jesse Joensuu.
3:44 of 1st period - Minor Penalty to Ludwig Bystrom for High sticking.
3:45 of 1st period - Dana Tyrell wins face-off versus Cedric Paquette in Moose zone.
3:46 of 1st period - Snap shot by Jesse Joensuu.
3:46 of 1st period - Stopped by Joey Daccord with a rebound.
4:14 of 1st period - Patrick Wiercioch is hit by Josh Bailey and loses puck.
5:44 of 1st period - Penalty to Ludwig Bystrom is over, Ludwig Bystrom is back on ice.
5:48 of 1st period - Off-side.
5:49 of 1st period - Dominik Kahun wins face-off versus Sebastian Wannstrom in neutral zone.
5:52 of 1st period - Backhand shot by Vince Hinostroza.
5:52 of 1st period - Stopped by Connor Knapp without a rebound.
5:53 of 1st period - Dominik Kahun wins face-off versus Sebastian Wannstrom in Little Stars zone.
5:54 of 1st period - Backhand shot by Nikolaj Ehlers.
5:54 of 1st period - Shot Misses the Net.
5:56 of 1st period - Backhand shot by Alexandre Carrier.
5:56 of 1st period - Stopped by Connor Knapp with a rebound.
5:58 of 1st period - Wrist shot by Nikolaj Ehlers.
5:58 of 1st period - Stopped by Connor Knapp with a rebound.
6:07 of 1st period - Minor Penalty to Reece Willcox for Interference.
6:08 of 1st period - Dominik Kahun wins face-off versus Dana Tyrell in Little Stars zone.
6:08 of 1st period - Slapshot by Josh Bailey.
6:08 of 1st period - Stopped by Connor Knapp with a rebound.
8:07 of 1st period - Penalty to Reece Willcox is over, Reece Willcox is back on ice.
9:29 of 1st period - Slapshot by Dana Tyrell.
9:29 of 1st period - Shot Misses the Net.
9:39 of 1st period - Adam Tambellini is hit by Nikolay Goldobin and loses puck.
10:00 of 1st period - Sebastian Wannstrom is hit by Jordan Martinook.
10:12 of 1st period - Dana Tyrell is hit by Nicolas Petan.
10:24 of 1st period - Wrist shot by Michael Mersch.
10:24 of 1st period - Shot Misses the Net.
10:59 of 1st period - Ludwig Bystrom is hit by Dana Tyrell and loses puck.
11:16 of 1st period - Anton Cederholm is hit by Iiro Pakarinen and loses puck.
11:34 of 1st period - Jason Dickinson is hit by Nathan Walker and loses puck.
11:39 of 1st period - Snap shot by Nikolay Goldobin.
11:39 of 1st period - Shot Blocked by Patrick Wiercioch.
11:41 of 1st period - Snap shot by Nikolay Goldobin.
11:41 of 1st period - Shot Misses the Net.
11:55 of 1st period - Josh Bailey is hit by Daniel O'regan and loses puck.
12:42 of 1st period - Mirco Mueller is hit by Roman Horak.
12:56 of 1st period - Icing by Patrick Wiercioch.
12:57 of 1st period - Cedric Paquette wins face-off versus Jason Dickinson in Little Stars zone.
13:06 of 1st period - Wrist shot by Josh Bailey.
13:06 of 1st period - Shot Misses the Net.
13:12 of 1st period - Wrist shot by Tyler Wotherspoon.
13:12 of 1st period - Deflect By Jason Dickinson.
13:12 of 1st period - Stopped by Joey Daccord with a rebound.
13:18 of 1st period - Slapshot by Jason Dickinson.
13:18 of 1st period - Shot Misses the Net.
13:20 of 1st period - Slapshot by Tyler Wotherspoon.
13:20 of 1st period - Shot Blocked by Vince Hinostroza.
13:36 of 1st period - Snap shot by Michael Mersch.
13:36 of 1st period - Shot Misses the Net.
13:38 of 1st period - Wrist shot by Tyler Wotherspoon.
13:38 of 1st period - Shot Misses the Net.
13:40 of 1st period - Slapshot by Tyler Wotherspoon.
13:40 of 1st period - Stopped by Joey Daccord with a rebound.
13:42 of 1st period - Wrist shot by Michael Mersch.
13:42 of 1st period - Stopped by Joey Daccord without a rebound.
13:43 of 1st period - Dana Tyrell wins face-off versus Nicolas Petan in Moose zone.
14:24 of 1st period - Snap shot by Adam Tambellini.
14:24 of 1st period - Stopped by Joey Daccord without a rebound.
14:25 of 1st period - Daniel O'regan wins face-off versus Dominik Kahun in Moose zone.
14:28 of 1st period - Wrist shot by Adam Tambellini.
14:28 of 1st period - Stopped by Joey Daccord with a rebound.
14:38 of 1st period - Wrist shot by Daniel O'regan.
14:38 of 1st period - Deflect By Adam Tambellini.
14:38 of 1st period - Goal by Adam Tambellini - Moose : 0 - Little Stars : 1.
14:39 of 1st period - Dominik Kahun wins face-off versus Dana Tyrell in neutral zone.
14:42 of 1st period - Scott Kosmachuck is hit by Troy Stetcher and loses puck.
14:53 of 1st period - Nikolaj Ehlers is hit by Dana Tyrell and loses puck.
15:11 of 1st period - Wrist shot by Ilya Mikheyev.
15:11 of 1st period - Stopped by Joey Daccord with a rebound.
15:54 of 1st period - Snap shot by Nikolay Goldobin.
15:54 of 1st period - Stopped by Connor Knapp with a rebound.
16:06 of 1st period - Slapshot by Dominik Kahun.
16:06 of 1st period - Shot Misses the Net.
16:08 of 1st period - Slapshot by Ludwig Bystrom.
16:08 of 1st period - Stopped by Connor Knapp without a rebound.
16:09 of 1st period - Adam Tambellini wins face-off versus Vince Hinostroza in Little Stars zone.
16:34 of 1st period - Troy Stetcher is hit by Michael Mersch and loses puck.
16:45 of 1st period - Zach Budish is hit by Vladislav Gavrikov and loses puck.
17:02 of 1st period - Dana Tyrell is hit by Vince Hinostroza and loses puck.
17:47 of 1st period - Wrist shot by Nikolay Goldobin.
17:47 of 1st period - Stopped by Connor Knapp without a rebound.
17:48 of 1st period - Colin White wins face-off versus Dana Tyrell in Little Stars zone.
17:52 of 1st period - Slapshot by Nikolay Goldobin.
17:52 of 1st period - Stopped by Connor Knapp without a rebound.
17:53 of 1st period - Nicolas Petan wins face-off versus Dana Tyrell in Little Stars zone.
17:54 of 1st period - Slapshot by Iiro Pakarinen.
17:54 of 1st period - Shot Blocked by Scott Kosmachuck.
17:56 of 1st period - Wrist shot by Iiro Pakarinen.
17:56 of 1st period - Shot Misses the Net.
17:58 of 1st period - Slapshot by Vladislav Gavrikov.
17:58 of 1st period - Stopped by Connor Knapp with a rebound.
18:00 of 1st period - Slapshot by Vladislav Gavrikov.
18:00 of 1st period - Shot Blocked by Anton Cederholm.
18:02 of 1st period - Slapshot by Vladislav Gavrikov.
18:02 of 1st period - Stopped by Connor Knapp with a rebound.
18:18 of 1st period - Snap shot by Adam Tambellini.
18:18 of 1st period - Stopped by Joey Daccord with a rebound.
18:20 of 1st period - Wrist shot by Ilya Mikheyev.
18:20 of 1st period - Stopped by Joey Daccord without a rebound.
18:21 of 1st period - Cedric Paquette wins face-off versus Adam Tambellini in Moose zone.
18:34 of 1st period - Slapshot by Troy Stetcher.
18:34 of 1st period - Stopped by Connor Knapp with a rebound.
18:36 of 1st period - Backhand shot by Troy Stetcher.
18:36 of 1st period - Shot Misses the Net.
18:38 of 1st period - Slapshot by Mirco Mueller.
18:38 of 1st period - Deflect By Cedric Paquette.
18:38 of 1st period - Shot Misses the Net.
18:38 of 1st period - Puck is out of play.
18:39 of 1st period - Dana Tyrell wins face-off versus Nikolaj Ehlers in Little Stars zone.
Goals for this period are 0 for Moose vs 1 for Little Stars.
Shots for this period are 13 for Moose vs 13 for Little Stars.
2nd period
0:01 of 2nd period - Dana Tyrell wins face-off versus Nicolas Petan in neutral zone.
0:35 of 2nd period - Off-side.
0:36 of 2nd period - Dominik Kahun wins face-off versus Dana Tyrell in neutral zone.
0:51 of 2nd period - Dominik Kahun is hit by Scott Kosmachuck and loses puck.
2:27 of 2nd period - Wrist shot by Nikolaj Ehlers.
2:27 of 2nd period - Shot Misses the Net.
2:33 of 2nd period - Dominik Kahun is hit by Eric Knodel and loses puck.
2:38 of 2nd period - Snap shot by Scott Kosmachuck.
2:38 of 2nd period - Stopped by Joey Daccord without a rebound.
2:39 of 2nd period - Nicolas Petan wins face-off versus Sebastian Wannstrom in Moose zone.
2:53 of 2nd period - Off-side.
2:54 of 2nd period - Dominik Kahun wins face-off versus Daniel O'regan in neutral zone.
2:57 of 2nd period - Slapshot by Troy Stetcher.
2:57 of 2nd period - Deflect By Nikolaj Ehlers.
2:57 of 2nd period - Shot Blocked by Reece Willcox.
2:57 of 2nd period - Puck is out of play.
2:58 of 2nd period - Daniel O'regan wins face-off versus Dominik Kahun in Little Stars zone.
3:24 of 2nd period - Off-side.
3:25 of 2nd period - Nicolas Petan wins face-off versus Scott Kosmachuck in neutral zone.
3:32 of 2nd period - Snap shot by Jesse Joensuu.
3:32 of 2nd period - Goal by Jesse Joensuu - Moose : 0 - Little Stars : 2.
3:33 of 2nd period - Jesse Joensuu wins face-off versus Dominik Kahun in neutral zone.
3:58 of 2nd period - Ilya Mikheyev is hit by Brendan Perlini.
4:06 of 2nd period - Slapshot by Daniel O'regan.
4:06 of 2nd period - Stopped by Joey Daccord with a rebound.
4:24 of 2nd period - Wrist shot by Josh Bailey.
4:24 of 2nd period - Stopped by Connor Knapp with a rebound.
4:28 of 2nd period - Snap shot by Troy Stetcher.
4:28 of 2nd period - Stopped by Connor Knapp with a rebound.
4:30 of 2nd period - Snap shot by Cedric Paquette.
4:30 of 2nd period - Stopped by Connor Knapp without a rebound.
4:31 of 2nd period - Dana Tyrell wins face-off versus Dominik Kahun in Little Stars zone.
4:56 of 2nd period - Vladislav Gavrikov is hit by Roman Horak and loses puck.
5:19 of 2nd period - Nikolaj Ehlers is hit by Zach Budish.
5:23 of 2nd period - Ludwig Bystrom is hit by Tucker Poolman and loses puck.
5:50 of 2nd period - Snap shot by Adam Tambellini.
5:50 of 2nd period - Shot Misses the Net.
6:05 of 2nd period - Off-side.
6:06 of 2nd period - Dana Tyrell wins face-off versus Nicolas Petan in neutral zone.
6:09 of 2nd period - Snap shot by Dana Tyrell.
6:09 of 2nd period - Stopped by Joey Daccord without a rebound.
6:10 of 2nd period - Nicolas Petan wins face-off versus Dana Tyrell in Moose zone.
6:17 of 2nd period - Backhand shot by Alexandre Carrier.
6:17 of 2nd period - Stopped by Connor Knapp with a rebound.
6:19 of 2nd period - Snap shot by Iiro Pakarinen.
6:19 of 2nd period - Stopped by Connor Knapp with a rebound.
6:21 of 2nd period - Wrist shot by Brendan Perlini.
6:21 of 2nd period - Shot Misses the Net.
6:23 of 2nd period - Snap shot by Brendan Perlini.
6:23 of 2nd period - Goal by Brendan Perlini - Moose : 1 - Little Stars : 2.
6:24 of 2nd period - Dana Tyrell wins face-off versus Nicolas Petan in neutral zone.
6:31 of 2nd period - Wrist shot by Dana Tyrell.
6:31 of 2nd period - Goal by Dana Tyrell - Moose : 1 - Little Stars : 3.
6:32 of 2nd period - Dana Tyrell wins face-off versus Nicolas Petan in neutral zone.
6:39 of 2nd period - Slapshot by Patrick Wiercioch.
6:39 of 2nd period - Shot Misses the Net.
6:57 of 2nd period - Jesse Joensuu is hit by Josh Bailey and loses puck.
9:14 of 2nd period - Icing by Tucker Poolman.
9:15 of 2nd period - Jason Dickinson wins face-off versus Colin White in Little Stars zone.
9:28 of 2nd period - Slapshot by Jason Dickinson.
9:28 of 2nd period - Stopped by Joey Daccord without a rebound.
9:29 of 2nd period - Daniel O'regan wins face-off versus Nicolas Petan in Moose zone.
9:36 of 2nd period - Snap shot by Ilya Mikheyev.
9:36 of 2nd period - Shot Blocked by Alexandre Carrier.
9:56 of 2nd period - Dana Tyrell is hit by Dominik Kahun and loses puck.
10:20 of 2nd period - Snap shot by Alexandre Carrier.
10:20 of 2nd period - Deflect By Jordan Martinook.
10:20 of 2nd period - Stopped by Connor Knapp with a rebound.
11:21 of 2nd period - Snap shot by Daniel O'regan.
11:21 of 2nd period - Shot Blocked by Vince Hinostroza.
11:41 of 2nd period - Slapshot by Anton Cederholm.
11:41 of 2nd period - Shot Blocked by Cedric Paquette.
12:19 of 2nd period - Snap shot by Daniel O'regan.
12:19 of 2nd period - Deflect By Ilya Mikheyev.
12:19 of 2nd period - Shot Blocked by Vladislav Gavrikov.
12:19 of 2nd period - Puck is out of play.
12:20 of 2nd period - Dominik Kahun wins face-off versus Daniel O'regan in Moose zone.
12:27 of 2nd period - Wrist shot by Ilya Mikheyev.
12:27 of 2nd period - Shot Misses the Net.
12:29 of 2nd period - Slapshot by Patrick Wiercioch.
12:29 of 2nd period - Stopped by Joey Daccord with a rebound.
12:31 of 2nd period - Snap shot by Daniel O'regan.
12:31 of 2nd period - Stopped by Joey Daccord without a rebound.
12:32 of 2nd period - Nicolas Petan wins face-off versus Dana Tyrell in Moose zone.
12:34 of 2nd period - Minor Penalty to Troy Stetcher for Hooking.
12:35 of 2nd period - Dana Tyrell wins face-off versus Cedric Paquette in Moose zone.
12:39 of 2nd period - Snap shot by Dana Tyrell.
12:39 of 2nd period - Stopped by Joey Daccord without a rebound.
12:40 of 2nd period - Cedric Paquette wins face-off versus Jesse Joensuu in Moose zone.
12:55 of 2nd period - Wrist shot by Dana Tyrell.
12:55 of 2nd period - Stopped by Joey Daccord with a rebound.
13:09 of 2nd period - Wrist shot by Daniel O'regan.
13:09 of 2nd period - Shot Misses the Net.
13:11 of 2nd period - Snap shot by Ilya Mikheyev.
13:11 of 2nd period - Deflect By Adam Tambellini.
13:11 of 2nd period - Little Stars goal is going for a video replay.
13:11 of 2nd period - The goal is refused. The referee deems the play has been stopped, even if he had not physically had the opportunity to stop play by blowing his whistle..
13:12 of 2nd period - Daniel O'regan wins face-off versus Cedric Paquette in Moose zone.
13:49 of 2nd period - Slapshot by Ilya Mikheyev.
13:49 of 2nd period - Stopped by Joey Daccord without a rebound.
13:50 of 2nd period - Dana Tyrell wins face-off versus Jordan Martinook in Moose zone.
14:15 of 2nd period - Tyler Wotherspoon is hit by Jordan Martinook and loses puck.
14:34 of 2nd period - Penalty to Troy Stetcher is over, Troy Stetcher is back on ice.
14:49 of 2nd period - Icing by Tucker Poolman.
14:50 of 2nd period - Nicolas Petan wins face-off versus Roman Horak in Little Stars zone.
15:05 of 2nd period - Snap shot by Joakim Nygard.
15:05 of 2nd period - Shot Misses the Net.
15:15 of 2nd period - Tucker Poolman is hit by Vince Hinostroza and loses puck.
15:36 of 2nd period - Jesse Joensuu is hit by Troy Stetcher.
16:06 of 2nd period - Reece Willcox is hit by Iiro Pakarinen and loses puck.
16:14 of 2nd period - Icing by Jesse Joensuu.
16:15 of 2nd period - Daniel O'regan wins face-off versus Colin White in Little Stars zone.
16:20 of 2nd period - Slapshot by Reece Willcox.
16:20 of 2nd period - Stopped by Joey Daccord with a rebound.
16:24 of 2nd period - Snap shot by Adam Tambellini.
16:24 of 2nd period - Stopped by Joey Daccord with a rebound.
16:30 of 2nd period - Snap shot by Adam Tambellini.
16:30 of 2nd period - Stopped by Joey Daccord with a rebound.
17:24 of 2nd period - Wrist shot by Jordan Martinook.
17:24 of 2nd period - Stopped by Connor Knapp without a rebound.
17:25 of 2nd period - Dana Tyrell wins face-off versus Cedric Paquette in Little Stars zone.
17:39 of 2nd period - Off-side.
17:40 of 2nd period - Ilya Mikheyev wins face-off versus Dominik Kahun in neutral zone.
18:16 of 2nd period - Dana Tyrell is hit by Iiro Pakarinen and loses puck.
18:38 of 2nd period - Icing by Vladislav Gavrikov.
18:39 of 2nd period - Daniel O'regan wins face-off versus Cedric Paquette in Moose zone.
19:29 of 2nd period - Icing by Tucker Poolman.
19:30 of 2nd period - Jason Dickinson wins face-off versus Dominik Kahun in Little Stars zone.
19:40 of 2nd period - Off-side.
19:41 of 2nd period - Dominik Kahun wins face-off versus Dana Tyrell in neutral zone.
19:56 of 2nd period - Icing by Troy Stetcher.
19:57 of 2nd period - Daniel O'regan wins face-off versus Vince Hinostroza in Moose zone.
Goals for this period are 1 for Moose vs 2 for Little Stars.
Shots for this period are 8 for Moose vs 15 for Little Stars.
3rd period
0:01 of 3rd period - Dana Tyrell wins face-off versus Dominik Kahun in neutral zone.
0:12 of 3rd period - Snap shot by Jesse Joensuu.
0:12 of 3rd period - Shot Blocked by Mirco Mueller.
0:14 of 3rd period - Wrist shot by Patrick Wiercioch.
0:14 of 3rd period - Deflect By Troy Stetcher.
0:14 of 3rd period - Stopped by Joey Daccord with a rebound.
0:16 of 3rd period - Snap shot by Scott Kosmachuck.
0:16 of 3rd period - Little Stars goal is going for a video replay.
0:16 of 3rd period - The goal is good.
0:16 of 3rd period - Goal by Scott Kosmachuck - Moose : 1 - Little Stars : 4.
0:17 of 3rd period - Dominik Kahun wins face-off versus Dana Tyrell in neutral zone.
0:42 of 3rd period - Daniel O'regan is hit by Iiro Pakarinen and loses puck.
1:11 of 3rd period - Wrist shot by Sebastian Wannstrom.
1:11 of 3rd period - Deflect By Mirco Mueller.
1:11 of 3rd period - Stopped by Joey Daccord with a rebound.
1:13 of 3rd period - Snap shot by Roman Horak.
1:13 of 3rd period - Shot Misses the Net.
1:25 of 3rd period - Slapshot by Troy Stetcher.
1:25 of 3rd period - Stopped by Connor Knapp without a rebound.
1:26 of 3rd period - Colin White wins face-off versus Jason Dickinson in Little Stars zone.
1:29 of 3rd period - Wrist shot by Nikolay Goldobin.
1:29 of 3rd period - Stopped by Connor Knapp without a rebound.
1:30 of 3rd period - Dana Tyrell wins face-off versus Colin White in Little Stars zone.
1:35 of 3rd period - Wrist shot by Eric Knodel.
1:35 of 3rd period - Deflect By Alexandre Carrier.
1:35 of 3rd period - Stopped by Joey Daccord with a rebound.
1:41 of 3rd period - Slapshot by John Marino.
1:41 of 3rd period - Shot Blocked by Dana Tyrell.
1:43 of 3rd period - Slapshot by John Marino.
1:43 of 3rd period - Stopped by Connor Knapp with a rebound.
1:45 of 3rd period - Slapshot by John Marino.
1:45 of 3rd period - Stopped by Connor Knapp without a rebound.
1:46 of 3rd period - Dominik Kahun wins face-off versus Daniel O'regan in Little Stars zone.
2:16 of 3rd period - Wrist shot by Nicolas Petan.
2:16 of 3rd period - Goal by Nicolas Petan - Moose : 2 - Little Stars : 4.
2:17 of 3rd period - Dana Tyrell wins face-off versus Vince Hinostroza in neutral zone.
3:28 of 3rd period - Sebastian Wannstrom is hit by Cedric Paquette.
3:39 of 3rd period - Off-side.
3:40 of 3rd period - Colin White wins face-off versus Dana Tyrell in neutral zone.
3:43 of 3rd period - Slapshot by Nathan Walker.
3:43 of 3rd period - Shot Misses the Net.
3:45 of 3rd period - Snap shot by Colin White.
3:45 of 3rd period - Shot Misses the Net.
3:47 of 3rd period - Slapshot by Colin White.
3:47 of 3rd period - Shot Misses the Net.
3:53 of 3rd period - Wrist shot by Nikolay Goldobin.
3:53 of 3rd period - Deflect By Colin White.
3:53 of 3rd period - Stopped by Connor Knapp with a rebound.
3:55 of 3rd period - Snap shot by Colin White.
3:55 of 3rd period - Shot Blocked by Jesse Joensuu.
3:57 of 3rd period - Snap shot by Vladislav Gavrikov.
3:57 of 3rd period - Shot Blocked by Anton Cederholm.
3:59 of 3rd period - Snap shot by Nathan Walker.
3:59 of 3rd period - Stopped by Connor Knapp with a rebound.
4:01 of 3rd period - Slapshot by Ludwig Bystrom.
4:01 of 3rd period - Stopped by Connor Knapp without a rebound.
4:02 of 3rd period - Dominik Kahun wins face-off versus Daniel O'regan in Little Stars zone.
4:41 of 3rd period - Snap shot by Jesse Joensuu.
4:41 of 3rd period - Shot Misses the Net.
4:43 of 3rd period - Slapshot by Tyler Wotherspoon.
4:43 of 3rd period - Stopped by Joey Daccord without a rebound.
4:44 of 3rd period - Roman Horak wins face-off versus Nicolas Petan in Moose zone.
4:53 of 3rd period - Wrist shot by Sebastian Wannstrom.
4:53 of 3rd period - Stopped by Joey Daccord with a rebound.
4:55 of 3rd period - Snap shot by Sebastian Wannstrom.
4:55 of 3rd period - Stopped by Joey Daccord with a rebound.
4:57 of 3rd period - Snap shot by Joakim Nygard.
4:57 of 3rd period - Stopped by Joey Daccord with a rebound.
4:59 of 3rd period - Slapshot by Eric Knodel.
4:59 of 3rd period - Shot Misses the Net.
5:09 of 3rd period - Anton Cederholm is hit by Vince Hinostroza and loses puck.
5:42 of 3rd period - Slapshot by Jordan Martinook.
5:42 of 3rd period - Shot Misses the Net.
5:44 of 3rd period - Wrist shot by Josh Bailey.
5:44 of 3rd period - Shot Misses the Net.
6:04 of 3rd period - Slapshot by Jason Dickinson.
6:04 of 3rd period - Stopped by Joey Daccord with a rebound.
6:19 of 3rd period - Iiro Pakarinen is hit by Joakim Nygard and loses puck.
6:59 of 3rd period - Snap shot by Daniel O'regan.
6:59 of 3rd period - Shot Blocked by Troy Stetcher.
7:01 of 3rd period - Slapshot by Patrick Wiercioch.
7:01 of 3rd period - Stopped by Joey Daccord without a rebound.
7:02 of 3rd period - Nicolas Petan wins face-off versus Daniel O'regan in Moose zone.
7:47 of 3rd period - Snap shot by Reece Willcox.
7:47 of 3rd period - Deflect By John Marino.
7:47 of 3rd period - Stopped by Joey Daccord without a rebound.
7:48 of 3rd period - Cedric Paquette wins face-off versus Roman Horak in Moose zone.
8:01 of 3rd period - Sebastian Wannstrom is hit by Troy Stetcher and loses puck.
8:33 of 3rd period - Tyler Wotherspoon is hit by Vince Hinostroza and loses puck.
10:02 of 3rd period - Slapshot by Ilya Mikheyev.
10:02 of 3rd period - Stopped by Joey Daccord with a rebound.
10:04 of 3rd period - Slapshot by Adam Tambellini.
10:04 of 3rd period - Shot Misses the Net.
10:06 of 3rd period - Slapshot by Reece Willcox.
10:06 of 3rd period - Stopped by Joey Daccord with a rebound.
11:29 of 3rd period - Slapshot by Nicolas Petan.
11:29 of 3rd period - Stopped by Connor Knapp with a rebound.
11:31 of 3rd period - Slapshot by John Marino.
11:31 of 3rd period - Shot Misses the Net.
11:33 of 3rd period - Snap shot by Nicolas Petan.
11:33 of 3rd period - Shot Misses the Net.
12:40 of 3rd period - Alexandre Carrier is hit by Jason Dickinson and loses puck.
13:00 of 3rd period - Daniel O'regan is hit by Vince Hinostroza and loses puck.
13:18 of 3rd period - Cedric Paquette is hit by Scott Kosmachuck and loses puck.
14:01 of 3rd period - Mirco Mueller is hit by Ilya Mikheyev and loses puck.
14:17 of 3rd period - Vince Hinostroza is hit by Jesse Joensuu and loses puck.
15:11 of 3rd period - Jesse Joensuu is hit by Brendan Perlini and loses puck.
16:16 of 3rd period - Backhand shot by Nicolas Petan.
16:16 of 3rd period - Stopped by Connor Knapp with a rebound.
16:18 of 3rd period - Snap shot by Brendan Perlini.
16:18 of 3rd period - Shot Misses the Net.
16:20 of 3rd period - Snap shot by Brendan Perlini.
16:20 of 3rd period - Stopped by Connor Knapp with a rebound.
18:43 of 3rd period - John Marino is hit by Jesse Joensuu and loses puck.
18:50 of 3rd period - Snap shot by Scott Kosmachuck.
18:50 of 3rd period - Goal by Scott Kosmachuck - Moose : 2 - Little Stars : 5.
18:51 of 3rd period - Dana Tyrell wins face-off versus Dominik Kahun in neutral zone.
18:58 of 3rd period - Wrist shot by Scott Kosmachuck.
18:58 of 3rd period - Stopped by Joey Daccord without a rebound.
18:59 of 3rd period - Dana Tyrell wins face-off versus Nikolaj Ehlers in Moose zone.
19:25 of 3rd period - Wrist shot by Scott Kosmachuck.
19:25 of 3rd period - Shot Misses the Net.
19:27 of 3rd period - Slapshot by Reece Willcox.
19:27 of 3rd period - Goal by Reece Willcox - Moose : 2 - Little Stars : 6.
19:28 of 3rd period - Dominik Kahun wins face-off versus Dana Tyrell in neutral zone.
19:43 of 3rd period - Snap shot by Dana Tyrell.
19:43 of 3rd period - Shot Misses the Net.
Goals for this period are 1 for Moose vs 3 for Little Stars.
Shots for this period are 11 for Moose vs 16 for Little Stars.